 Dungeon Crawl Stone Soup version 0.25-a0-294-gea9b1ad (webtiles) character file.

Game seed: 11740685172608246431, levelgen mode: deterministic

576 Birdy the Bolt Thrower (level 7, 0/54 HPs)
             Began as a Formicid Hunter on Dec 18, 2019.
             Slain by a worker ant (5 damage)
             ... on level 5 of the Dungeon.
             The game lasted 00:07:49 (4193 turns).

Birdy the Bolt Thrower (Formicid Hunter)            Turns: 4193, Time: 00:07:50

Health: 0/54       AC:  9    Str: 19    XL:     7   Next: 62%
Magic:  7/7        EV:  8    Int: 10    God:
Gold:   220        SH:  3    Dex: 11    Spells: 6/6 levels left

rFire    . . .     SeeInvis +     - Unarmed
rCold    . . .     Gourm    .   b - +0 buckler
rNeg     . . .     Faith    +   i - +0 chain mail
rPois    .         Spirit   .   (helmet unavailable)
rElec    .         Reflect  .   (no cloak)
rCorr    .         Harm     .   (no gloves)
MR       .....                  (no boots)
Stlth    ..........             o - amulet of faith
HPRegen  0.18/turn              (no ring)
MPRegen  0.10/turn              (no ring)

@: lethally poisoned (0 -> -6)
A: permanent stasis, dig shafts and tunnels, four strong arms, antennae 3
a: Dig, Shaft Self


You were on level 5 of the Dungeon.
You were not hungry.

You visited 2 branches of the dungeon, and saw 6 of its levels.

You collected 220 gold pieces.

Inventory:

Hand Weapons
 a - a +2 hand crossbow
Missiles
 d - 69 bolts
Armour
 b - a +0 buckler (worn)
 i - a +0 chain mail (worn)
Jewellery
 m - an uncursed amulet of regeneration
 o - an amulet of faith (around neck)
Wands
 h - a wand of iceblast (7)
Scrolls
 c - a scroll of fog {unknown}
 e - a scroll of fear
 g - 2 scrolls of enchant armour
 n - 2 scrolls of identify
Potions
 j - a potion of brilliance
 k - a potion of flight
 l - a potion of magic
Comestibles
 f - 7 rations


   Skills:
 + Level 4.0 Fighting
 * Level 5.9 Crossbows
 + Level 3.1 Armour
 + Level 3.2 Dodging
 - Level 1.2 Stealth
 + Level 1.0 Shields
 + Level 2.6 Unarmed Combat


You had 6 spell levels left.
You didn't know any spells.
Your spell library was empty.

Dungeon Overview and Level Annotations

Branches:
Dungeon (5/15)             Temple (1/1) D:4

Altars:
Ashenzari
Cheibriados
Dithmenos
Elyvilon
Fedhas
Gozag
Hepliaklqana
Kikubaaqudgha
Makhleb
Nemelex Xobeh
Okawaru
Qazlal
Ru
Sif Muna
Trog
Uskayaw
Vehumet
Wu Jian
Xom
Yredelemnul
Zin
The Shining One


Innate Abilities, Weirdness & Mutations

You cannot be hasted, slowed, berserked, paralysed or teleported.
You can dig through walls and to a lower floor.
Your four strong arms can wield two-handed weapons with a shield.
You have a pair of large antennae on your head. (SInv)


Message History

* * * LOW HITPOINT WARNING * * *
You feel sick.
The worker ant bites you but does no damage. x2
You barely miss the worker ant.
The worker ant is almost dead.
* * * LOW HITPOINT WARNING * * *
You feel sick.
The worker ant bites you but does no damage.
You barely miss the worker ant.
The worker ant is almost dead.
* * * LOW HITPOINT WARNING * * *
You feel sick.
The worker ant bites you but does no damage.
You hit the worker ant but do no damage.
The worker ant is almost dead.
* * * LOW HITPOINT WARNING * * *
You feel sick.
The worker ant waves its antennae.
The worker ant bites you.
You die...

# #. ...# #######
.....##### ##.....#
#........###......#
#$....a..###.....##
#.....#@..##......##
.......#..####......#
............#.....####
.....................#
...........#..#.#....##
...........#..#####...
................#...##
>.......####.......#
........#.#.......##


You could see a worker ant.

Vanquished Creatures
  2 ogres
  A scorpion (D:4)
  A crimson imp (D:5)
  2 bullfrog skeletons (D:4)
  2 orc wizards
  A hound skeleton (D:4)
  3 gnolls (D:3)
  4 adders
  A shadow imp (D:5)
  2 oozes
  2 worms
  4 dart slugs (D:1)
  2 leopard geckos
  8 orcs
  A ball python (D:1)
  11 bats
  2 giant cockroaches
  5 goblins
  10 hobgoblins
  18 jackals
  8 kobolds
  A quokka (D:4)
  7 frilled lizards
  A quokka zombie (D:5)
  7 rats
106 creatures vanquished.

Notes
Turn   | Place    | Note
-------+----------+-------------------------------------------
     0 | D:1      | Birdy the Formicid Hunter began the quest for the Orb.
     0 | D:1      | Reached XP level 1. HP: 16/16 MP: 1/1
    93 | D:1      | Reached XP level 2. HP: 18/23 MP: 2/2
   263 | D:1      | Reached XP level 3. HP: 28/28 MP: 3/3
   287 | D:1      | Reached skill level 1 in Armour
  1184 | D:2      | Reached skill level 1 in Unarmed Combat
  1184 | D:2      | Reached XP level 4. HP: 34/34 MP: 4/4
  1299 | D:2      | Found a shadowy altar of Dithmenos.
  1819 | D:2      | Reached XP level 5. HP: 41/41 MP: 5/5
  2368 | D:3      | Found a sparkling altar of Nemelex Xobeh.
  2492 | D:3      | Reached skill level 5 in Crossbows
  2584 | D:3      | Reached XP level 6. HP: 45/47 MP: 6/6
  3143 | D:4      | Noticed an ogre
  3150 | D:4      | Killed an ogre
  3150 | D:4      | Reached XP level 7. HP: 50/53 MP: 7/7
  3512 | D:4      | Found a staircase to the Ecumenical Temple.
  3524 | Temple   | Entered the Ecumenical Temple
  3875 | D:5      | Entered Level 5 of the Dungeon
  3889 | D:5      | Reached skill level 1 in Shields
  4193 | D:5      | Slain by a worker ant

Levels and vault maps discovered:
D:1:      sevenhm_arrival_forest_fort_large_2, layout_basic
D:2:      layout_basic, grunt_ministairs_7, grunt_dithmenos_smoke_and_mirrors
D:3:      layout_loops_ring, nemelex_xobeh_ov_fountains_minmay
D:4:      layout_basic, minmay_temple_entry_mini_moons, st_stairs_1
D:5:      layout_cave_pools, first_ration, minmay_misc_feat_five, tgw_sif,
          uniq_duvessa
Temple:   regret_index_temple_sigil_plot

Skill      XL: |  1  2  3  4  5  6  7 |
---------------+----------------------+-----
Dodging        | 2 3 |  3.2
Armour         | 1 2 3 |  3.1
Unarmed Combat | 1 2 |  2.6
Fighting       | 3 4 |  4.0
Crossbows      | 5 |  5.9
Shields        | 1 |  1.0
Stealth        | |  1.2

Action                   |  1- 3 |  4- 6 |  7- 9 || total
-------------------------+-------+-------+-------++-------
Melee: Short sword       |    24 |     1 |       ||    25
       Unarmed           |       |    75 |    40 ||   115
 Fire: Hand crossbow     |    64 |   149 |    15 ||   228
  Use: Scroll            |     2 |     6 |       ||     8
       Potion            |       |     4 |     2 ||     6
  Eat: Chunk             |       |     6 |     4 ||    10
Armor: Leather armour    |    20 |     3 |       ||    23
       Chain mail        |       |    78 |    18 ||    96
       Skin              |       |       |     6 ||     6
Dodge: Dodged            |    55 |    78 |     8 ||   141
Block: Buckler           |       |       |     3 ||     3

Table legend:
 A = Non-vault XP
 B = Vault XP
 C = Vault XP percentage of total XP
 D = Non-vault monster count
 E = Vault monster count
 F = Vault count percentage of total count
                 A         B        C        D         E       F
            +---------+---------+-------+---------+---------+-------
      Total |     820 |       4 |   0.5 |     104 |       2 |   1.9
            +---------+---------+-------+---------+---------+-------
        D:1 |      66 |       0 |   0.0 |      31 |       0 |   0.0
        D:2 |      69 |       4 |   5.5 |      19 |       2 |   9.5
        D:3 |     136 |       0 |   0.0 |      35 |       0 |   0.0
        D:4 |     364 |       0 |   0.0 |      14 |       0 |   0.0
        D:5 |     185 |       0 |   0.0 |       5 |       0 |   0.0
            +---------+---------+-------+---------+---------+-------
